AoeStats
← [Massa] Edo

African Clearing

504819517Analyzed
2v2 RM · 25d ago on Sep 6, 2026· 22m 41s· 4 players
Game mode
Random Map
Map size
Medium (4 player)
Population
200
Speed
Normal
Resources
Standard
Victory
Conquest
Starting age
Dark Age
Ending age
Imperial Age
RankedLock teamsTeams togetherTeam positionsShared explorationLock speedFull tech treeHidden civsTurbo modeCheats
Victory
Defeat
🇹🇼 Chinese · Taiwan
1450
+17
🇩🇪 Spanish · Germany
1384
+19
🇦🇷 Maya · Argentina
1485
-19
🇧🇷 Mongols · Brazil
1436
-17
[Massa] Edo
13:12 Feudal Age
14:30 Loom
18:05 Castle Age
16:26 Double-Bit Axe
20:45 Scale Barding Armor
Cyndaquil
8:06 Loom
13:06 Feudal Age
13:08 Man-at-Arms
16:04 Town Watch
^ScArFaCe^
12:12 Loom
14:54 Feudal Age
19:34 Castle Age
Gogogo
2:51 Loom
2:57 Loom
12:17 Feudal Age
12:55 Double-Bit Axe
14:55 Fletching
20:20 Wheelbarrow
23:29 Castle Age
21:54 Padded Archer Armor
21:39 Horse Collar
Connection lost

Rejoining the realm…

Still unreachable

The connection could not be restored.

Session expired

The server has moved on; the page needs a fresh start.